 Dungeon Crawl Stone Soup version 0.27-a0-1084-g78b3836a5f (webtiles) character file.

Game seed: 17945699030473117301

1178 Mgcat the Magician (level 8, -3/60 HPs)
             Began as a Djinni Ice Elementalist on Apr 26, 2021.
             Slain by a wyvern skeleton (11 damage)
             ... on level 5 of the Dungeon.
             The game lasted 00:10:53 (5534 turns).

Mgcat the Magician (Djinni Ice Elementalist)        Turns: 5534, Time: 00:10:53

Health: -3/60      AC:  3    Str:  7    XL:     8   Next: 41%
Gold:   158        EV: 12    Int: 19    God:
                   SH:  0    Dex: 14

rFire    + + .     SeeInvis .   d - +1 dagger (venom)
rCold    x . .     Faith    .   (no shield)
rNeg     + . .     Spirit   .   a - +0 robe
rPois    ∞         Reflect  .   (no helmet)
rElec    .         Harm     .   s - +0 cloak
rCorr    .         Rampage  .   (no gloves)
Will     .....                  (boots unavailable)
Stlth    ++........             (no amulet)
HPRegen  0.20/turn              r - ring of positive energy {rN+}
MPRegen  0.00/turn              (no ring)

@: freezing walls, flying
A: fire resistance 2, cold vulnerability 1, float, innate caster, hp casting,
extra vitality 1
a: no special abilities


You were on level 5 of the Dungeon.
You visited 1 branch of the dungeon, and saw 5 of its levels.

You collected 158 gold pieces.

Inventory:

Hand Weapons
 d - a +1 dagger of venom (weapon)
   (You took it off a kobold on level 1 of the Dungeon)
Missiles
 m - a throwing net {=f, !d}
Armour
 a - a +0 robe (worn)
 s - a +0 cloak (worn)
   (You found it on level 5 of the Dungeon)
 v - a +2 helmet
   (You found it on level 5 of the Dungeon)
Jewellery
 r - a ring of positive energy (left hand) {rN+}
   (You found it on level 4 of the Dungeon)
 u - a ring of flight {+Fly, !d}
   (You found it on level 5 of the Dungeon)
Scrolls
 b - 2 scrolls of teleportation {unknown}
 e - 3 scrolls of immolation {unknown}
 g - 2 scrolls of blinking {unknown}
 h - 2 scrolls of vulnerability {unknown}
 i - 4 scrolls of identify {unknown}
 k - 2 scrolls of brand weapon {unknown}
 l - a scroll of magic mapping {unknown}
 p - a scroll of enchant weapon {unknown}
Potions
 c - a potion of curing {unknown}
 f - a potion of brilliance {unknown}
 j - 4 potions of degeneration {unknown}
 n - a potion of cancellation {unknown}
 o - a potion of flight {unknown}
 q - a potion of resistance {unknown}
 t - a potion of attraction {unknown}


   Skills:
 + Level 5.4 Fighting
 - Level 2.1 Dodging
 - Level 1.5 Stealth
 * Level 7.7 Spellcasting


You couldn't memorise any spells.
You knew the following spells:

 Your Spells              Type           Power      Damage    Failure   Level
a - Freeze                Ice            100%       1d11      1%          1
b - Frozen Ramparts       Ice            72%        1d9       1%          3
c - Ozocubu's Armour      Ice            36%        N/A       1%          3
d - Hailstorm             Conj/Ice       36%        3d9       4%          4
e - Metabolic Englaciati  Hex/Ice        18%        N/A       11%         5
f - Shock                 Conj/Air       100%       1d9       1%          1
g - Ensorcelled Hibernat  Hex/Ice        72%        N/A       1%          2
h - Inner Flame           Hex/Fire       36%        N/A       1%          3
Your spell library was empty.

Dungeon Overview and Level Annotations

Branches:
Dungeon (5/15)
 Temple: D:4-7

Altars:
Ashenzari
Gozag
Qazlal
Trog
Uskayaw
Wu Jian
Yredelemnul
Zin

Annotations:
D:4 2 transporters, Eustachio; Iwannabefree's ghost, novice DjFi
D:5 Grinder; Ijyb


Innate Abilities, Weirdness & Mutations

You are immune to poison.
Your flesh is very heat resistant. (rF++)
You are vulnerable to cold. (rC-)
You float through the air rather than walking.
You learn spells naturally, not from books.
Your magical power is your life essence.
You have superior vitality. (+4 HP)


Message History

Casting: Freeze (safe; 1% risk of failure)
Confirm with . or Enter, or press ? or * to list all spells.
Aiming: Freeze (safe; 1% risk of failure)
Press: ? - help, Shift-Dir - straight line, f - wyvern skeleton
Aim: a wyvern skeleton You freeze the wyvern skeleton.
The wyvern skeleton resists.
The wyvern skeleton is lightly damaged.
The wyvern skeleton misses you.
You take 1 damage, and have 59/60 hp.
Casting: Freeze (safe; 1% risk of failure)
Confirm with . or Enter, or press ? or * to list all spells.
Aiming: Freeze (safe; 1% risk of failure)
Press: ? - help, Shift-Dir - straight line, f/p - wyvern skeleton
Aim: a wyvern skeleton (lightly damaged)
You freeze the wyvern skeleton.
The wyvern skeleton resists.
The wyvern skeleton is lightly damaged.
The wyvern skeleton bites you!
You take 8 damage, and have 51/60 hp.
Casting: Freeze (safe; 1% risk of failure)
Confirm with . or Enter, or press ? or * to list all spells.
Aiming: Freeze (safe; 1% risk of failure)
Press: ? - help, Shift-Dir - straight line, f/p - wyvern skeleton
Aim: a wyvern skeleton (lightly damaged)
You freeze the wyvern skeleton but do no damage.
The wyvern skeleton completely resists.
The wyvern skeleton bites you.
You take 6 damage, and have 45/60 hp.
Casting: Freeze (safe; 1% risk of failure)
Confirm with . or Enter, or press ? or * to list all spells.
Aiming: Freeze (safe; 1% risk of failure)
Press: ? - help, Shift-Dir - straight line, f/p - wyvern skeleton
Aim: a wyvern skeleton (lightly damaged)
You freeze the wyvern skeleton but do no damage.
The wyvern skeleton completely resists.
The wyvern skeleton barely misses you. x2
You take 1 damage, and have 44/60 hp.
Casting: Freeze (safe; 1% risk of failure)
Confirm with . or Enter, or press ? or * to list all spells.
Aiming: Freeze (safe; 1% risk of failure)
Press: ? - help, Shift-Dir - straight line, f/p - wyvern skeleton
Aim: a wyvern skeleton (lightly damaged)
You freeze the wyvern skeleton.
The wyvern skeleton resists.
The wyvern skeleton is lightly damaged.
The wyvern skeleton barely misses you.
Casting: Freeze (safe; 1% risk of failure)
Confirm with . or Enter, or press ? or * to list all spells.
Aiming: Freeze (safe; 1% risk of failure)
Press: ? - help, Shift-Dir - straight line, f/p - wyvern skeleton
Aim: a wyvern skeleton (lightly damaged)
You freeze the wyvern skeleton.
The wyvern skeleton resists.
The wyvern skeleton is lightly damaged.
The wyvern skeleton bites you.
You take 4 damage, and have 40/60 hp.
Casting: Freeze (safe; 1% risk of failure)
Confirm with . or Enter, or press ? or * to list all spells.
Casting: Frozen Ramparts (safe; 1% risk of failure)
Press: ? - help, Dir - look around, f - activate The walls around you are covered in ice.
The wyvern skeleton resists.
The wall freezes the wyvern skeleton.
The wyvern skeleton bites you.
The wyvern skeleton resists.
The wall freezes the wyvern skeleton.
The wyvern skeleton barely misses you.
You take 8 damage, and have 32/60 hp.
Casting: Frozen Ramparts (safe; 1% risk of failure)
Confirm with . or Enter, or press ? or * to list all spells.
Aiming: Freeze (safe; 1% risk of failure)
Press: ? - help, Shift-Dir - straight line, f - wyvern skeleton
Aim: a wyvern skeleton (lightly damaged)
You freeze the wyvern skeleton.
The wyvern skeleton resists.
The wyvern skeleton is lightly damaged.
The wyvern skeleton completely resists.
The wall freezes the wyvern skeleton but does no damage.
The wyvern skeleton bites you!
* * * LOW HITPOINT WARNING * * *
You take 14 damage, and have 18/60 hp.
MASSIVE DAMAGE!!
You hit the wyvern skeleton.
The wyvern skeleton is moderately damaged.
The wyvern skeleton completely resists.
The wall freezes the wyvern skeleton but does no damage.
The wyvern skeleton closely misses you.
You hit the wyvern skeleton.
The wyvern skeleton is moderately damaged.
The wyvern skeleton resists.
The wall freezes the wyvern skeleton.
The wyvern skeleton completely misses you.
The wyvern skeleton resists.
The wall freezes the wyvern skeleton.
The wyvern skeleton closely misses you.
You completely miss the wyvern skeleton.
The wyvern skeleton is moderately damaged.
The wyvern skeleton resists.
The wall freezes the wyvern skeleton.
The wyvern skeleton bites you!
* * * LOW HITPOINT WARNING * * *
You take 11 damage, and have 8/60 hp.
You hit the wyvern skeleton.
The wyvern skeleton is heavily damaged.
The wyvern skeleton completely resists.
The wall freezes the wyvern skeleton but does no damage.
The wyvern skeleton barely misses you.
Okay, then.
You hit the wyvern skeleton.
The wyvern skeleton is heavily damaged.
The wyvern skeleton resists.
The wall freezes the wyvern skeleton.
The wyvern skeleton bites you!
You die...

##.....##
#.##.#### ##...##
.... #.)......
##'## ...#
########. ### #.#
#..# #. ..# #.#
#..# #. #.# ##.##
#.. #. #.###...##
#.# ###.
#.##.....#######Z#
#...
..##.#..........@#
#.#.
#####..###########
#.#. ......## #.##
####### #.# # #.##
# #... ####


You could see a wyvern skeleton.

Vanquished Creatures
  Edmund (D:5)
  A water moccasin (D:5)
  A necrophage (D:4)
  4 scorpions
  4 orc priests
  2 hounds
  3 iguanas
  6 orc wizards
  6 adders
  6 gnolls
  A shadow imp (D:5)
  3 worms
  2 dart slugs
  13 orcs
  4 endoplasms
  2 giant cockroaches
  6 goblins
  12 hobgoblins
  6 jackals
  4 quokkas
  8 ball pythons
  9 bats
  5 frilled lizards
  6 kobolds
  6 rats
121 creatures vanquished.

Vanquished Creatures (others)
  7 plants
7 creatures vanquished.

Grand Total: 128 creatures vanquished

Notes
Turn   | Place    | Note
-------+----------+-------------------------------------------
     0 | D:1      | Mgcat the Djinni Ice Elementalist began the quest for the
                  | Orb.
     0 | D:1      | Reached XP level 1. HP: 15/15 MP: 0/0
   359 | D:1      | Reached XP level 2. HP: 19/22 MP: 0/0
   564 | D:1      | Reached skill level 1 in Fighting
   675 | D:1      | Reached skill level 4 in Spellcasting
   842 | D:1      | Reached XP level 3. HP: 17/27 MP: 0/0
   842 | D:1      | Learned a level 1 spell: Shock
  1591 | D:2      | Reached XP level 4. HP: 31/33 MP: 0/0
  2008 | D:3      | Found a faded altar of an unknown god.
  2057 | D:3      | Reached skill level 2 in Fighting
  2136 | D:3      | HP: 6/33 [goblin/+0 dagger (4)]
  2409 | D:3      | Reached XP level 5. HP: 33/38 MP: 0/0
  2409 | D:3      | Learned a level 2 spell: Ensorcelled Hibernation
  2778 | D:3      | Found an opulent altar of Gozag.
  2785 | D:3      | Reached skill level 5 in Spellcasting
  3429 | D:4      | Reached skill level 3 in Fighting
  3429 | D:4      | Reached XP level 6. HP: 41/46 MP: 0/0
  3636 | D:4      | Noticed Iwannabefree's ghost (novice DjFi)
  3657 | D:4      | Found a transporter.
  3658 | D:4      | Found a transporter.
  3665 | D:4      | Noticed Eustachio
  3703 | D:4      | Reached skill level 6 in Spellcasting
  3703 | D:4      | Reached XP level 7. HP: 47/51 MP: 0/0
  3703 | D:4      | Learned a level 3 spell: Inner Flame
  3734 | D:4      | Found a hide-covered altar of Uskayaw.
  3778 | D:4      | Reached skill level 4 in Fighting
  4012 | D:4      | Found a bloodstained altar of Trog.
  4098 | D:4      | Found a glowing silver altar of Zin.
  4193 | D:4      | Found a stormy altar of Qazlal.
  4348 | D:5      | Entered Level 5 of the Dungeon
  4348 | D:5      | Found an ornate altar of the Wu Jian Council.
  4738 | D:5      | Noticed Edmund
  4750 | D:5      | Killed Edmund
  4751 | D:5      | Reached skill level 7 in Spellcasting
  4751 | D:5      | Reached XP level 8. HP: 29/58 MP: 0/0
  4762 | D:5      | Reached skill level 5 in Fighting
  5037 | D:5      | Noticed Ijyb
  5242 | D:5      | Found a basalt altar of Yredelemnul.
  5244 | D:5      | Found a broken altar of Ashenzari.
  5483 | D:5      | Noticed Grinder
  5532 | D:5      | HP: 8/60 [wyvern skeleton (11)]
  5534 | D:5      | Slain by a wyvern skeleton

Illustrated notes

Levels and vault maps discovered:
D:1:      amcnicky_arrival_gap_in_the_tavern_cellar, layout_basic,
          hangedman_decor_diamond_cutter, minmay_split_cup_large
D:2:      layout_rooms, small_statue_intersection
D:3:      layout_loops_ring, ebering_ecumenical_altar_mist,
          kennysheep_flooded_box, corexii_leaking_fountain
D:4:      layout_loops_ring, kennysheep_little_box, old_standard_altar,
          nicolae_overflow_crystal_walls, general_overflow_altar,
          gammafunk_ghost_gnarly_gnolls, uniq_eustachio
D:5:      layout_loops_corners, nicolae_overflow_hidden_temple,
          gammafunk_ghost_necromancy, grunt_ministairs_13,
          minmay_misc_feat_doors, serial_bayou_crossing, uniq_grinder,
          uniq_edmund, uniq_prince_ribbit1, uniq_ijyb

Skill      XL: |  1  2  3  4  5  6  7  8 |
---------------+-------------------------+-----
Fighting       | 1 2 3 4 5 |  5.4
Spellcasting   | 4 5 6 7 |  7.7
Dodging        | |  2.1
Stealth        | |  1.5

Action                   |  1- 3 |  4- 6 |  7- 9 || total
-------------------------+-------+-------+-------++-------
Melee: Dagger            |     7 |     9 |     9 ||    25
 Cast: Freeze            |    60 |    64 |    60 ||   184
       Frozen Ramparts   |     2 |    10 |    16 ||    28
       Shock             |       |       |     1 ||     1
 Stab: Sleeping          |     1 |       |       ||     1
Armor: Robe              |     5 |     7 |     4 ||    16
Dodge: Dodged            |    24 |    33 |    29 ||    86

Table legend: (Time is in decaauts)
 A = Elapsed time spent in this place.
 B = Non-inter-level travel time spent in this place.
 C = Inter-level travel time spent in this place.
 D = Time resting spent in this place.
 E = Time spent auto-exploring this place.
 F = Levels seen in this place.
 G = Mean time per level.
                   A        B        C        D        E       F      G
               +--------+--------+--------+--------+--------+-----+--------+
         Total |   5532 |   5463 |     69 |   1515 |   3198 |   5 | 1106.4 |
       Dungeon |   5532 |   5463 |     69 |   1515 |   3198 |   5 | 1106.4 |
               +--------+--------+--------+--------+--------+-----+--------+

Top non-repeatable levels by time:
     D:3: 1434 daAuts
     D:1: 1361 daAuts
     D:5: 1185 daAuts
     D:4: 952 daAuts
     D:2: 598 daAuts

Table legend:
 A = Kills in this place as a percentage of kills in entire the game.
 B = Kills by you in this place as a percentage of kills by you in the entire game.
 C = Kills by friends in this place as a percentage of kills by friends in the entire game.
 D = Other kills in this place as a percentage of other kills in the entire game.
 E = Experience gained in this place as a percentage of experience gained in the entire game.
 F = Experience gained in this place divided by the number of levels of this place that you have seen.
                   A       B       C       D       E      F
               +-------+-------+-------+-------+-------+----------------------
         Total | 100.0 | 100.0 |   N/A |   N/A | 100.0 | 336.6
       Dungeon | 100.0 | 100.0 |   N/A |   N/A | 100.0 | 336.6
               +-------+-------+-------+-------+-------+----------------------
